 Dungeon Crawl Stone Soup version 0.20-a0-871-g785f14b (webtiles) character file.

44 elite277 the Grasshopper (level 3, -1/28 HPs)
             Began as a Human Warper on Mar 14, 2017.
             Slain by Sigmund
             ... wielding a +0 scythe
              (14 damage)
             ... on level 2 of the Dungeon.
             The game lasted 00:10:10 (1309 turns).

elite277 the Grasshopper (Human Warper)             Turns: 1309, Time: 00:10:11

Health: -1/28      AC:  6    Str: 12    XL:     3   Next: 85%
Magic:  5/6        EV:  9    Int: 13    God:
Gold:   20         SH:  0    Dex: 12    Spells: 2/6 levels left

rFire    . . .     SeeInvis .   a - +0 mace
rCold    . . .     Gourm    .   i - +0 scale mail
rNeg     . . .     Faith    .   (no shield)
rPois    .         Spirit   .   (no helmet)
rElec    .         Reflect  .   (no cloak)
rCorr    .         Harm     .   (no gloves)
MR       .....                  (no boots)
Stlth    ..........             (no amulet)
Regen    0.1/turn               (no ring)
MPRegen  0.1/turn               (no ring)

@: very slightly contaminated
A: no striking features
a: no special abilities


You were on level 2 of the Dungeon.
You were hungry.

You visited 1 branch of the dungeon, and saw 2 of its levels.

You collected 20 gold pieces.

Inventory:

Hand Weapons
 a - a +0 mace (weapon)
Armour
 b - a +0 leather armour
 i - a +0 scale mail (worn)
Scrolls
 d - a scroll of blinking
 e - a scroll of identify {unknown}
 h - a scroll of teleportation
 k - a scroll of remove curse
Books
 c - a book of Spatial Translocations

   Spells                             Type                      Level
   a - Blink                          Translocation                2
   b - Shroud of Golubria             Charms/Translocation         2
   c - Lesser Beckoning               Translocation                3
   d - Gell's Gravitas                Translocation                3
   e - Teleport Other                 Translocation                3
   f - Passage of Golubria            Translocation                4
Comestibles
 f - 2 bread rations
 g - a fruit
 l - a meat ration


   Skills:
 + Level 2.6 Fighting
 + Level 2.4 Maces & Flails
 - Level 1.0 Throwing
 + Level 1.7 Armour
 - Level 2.0 Dodging
 - Level 1.0 Unarmed Combat
 - Level 2.0 Spellcasting
 + Level 0.6 Charms
 - Level 3.0 Translocations


You had 2 spell levels left.
You knew the following spells:

 Your Spells              Type           Power        Failure   Level  Hunger
a - Blink                 Tloc           N/A          61%         2    ###....
b - Shroud of Golubria    Chrm/Tloc      #.........   90%         2    ###....


Dungeon Overview and Level Annotations

Branches:
Dungeon (2/15)

Altars:

Annotations:
D:2 Sigmund


Message History

You hit the hobgoblin but do no damage.
The hobgoblin is severely wounded.
The hobgoblin hits you.
Sigmund gestures wildly while chanting.
Sigmund flickers and vanishes!
Deactivating autopickup; reactivate with Ctrl-A.
Found 8 gold pieces.
The hobgoblin hits you.
It was a potion of heal wounds.
You feel much better. Something completely misses you.
The hobgoblin barely misses you.
You sock the hobgoblin!
You kill the hobgoblin!
Something hits you.
You see here a hobgoblin corpse.
You closely miss something. Something hits you!
You barely miss something. Something hits you.
You closely miss something. Something hits you.
You miss something. Something hits you!
Ouch! That really hurt!
You die...

......).#...#.##.#.
..#####............
###..##.##.#.
#..........
#####.......##
#............#
....####?#####.# .>
#{# #@# #.# #.# #.#
#.# #.# ..$ ... ...


There were no monsters in sight!

Vanquished Creatures
  A gnoll (D:1)
  An ooze (D:1)
  A dart slug (D:1)
  A leopard gecko (D:1)
  2 bats (D:1)
  2 giant cockroaches
  2 goblins (D:1)
  7 hobgoblins
  2 frilled lizards (D:1)
  4 kobolds
  2 rats (D:1)
25 creatures vanquished.

Notes
Turn   | Place    | Note
-------+----------+-------------------------------------------
     0 | D:1      | elite277 the Human Warper began the quest for the Orb.
     0 | D:1      | Reached XP level 1. HP: 16/16 MP: 3/3
   229 | D:1      | Reached XP level 2. HP: 19/22 MP: 5/5
   258 | D:1      | Learned a level 2 spell: Blink
   261 | D:1      | Learned a level 2 spell: Shroud of Golubria
   552 | D:1      | Reached XP level 3. HP: 24/28 MP: 6/6
   612 | D:1      | Reached skill level 1 in Unarmed Combat
  1294 | D:2      | Noticed Sigmund
  1309 | D:2      | Slain by Sigmund

Vault maps used:
D:1:      co_arrival_random_square_maze
D:2:      first_bread, uniq_sigmund

Skill      XL: |  1  2  3 |
---------------+----------+-----
Unarmed Combat | 1 |  1.0
Fighting       | |  2.6
Maces & Flails | |  2.4
Throwing       | |  1.0
Armour         | |  1.7
Dodging        | |  2.0
Spellcasting   | |  2.0
Charms         | |  0.6
Translocations | |  3.0

Action                   || total
-------------------------++-------
Melee: Mace              ||    83
Throw: Tomahawk          ||     5
 Cast: Shroud of Golubri ||     1
  Use: Scroll            ||     3
       Potion            ||     1
  Eat: Chunk             ||     1
Armor: Leather armour    ||     8
       Scale mail        ||    21
Dodge: Dodged            ||    51
